Map: Apotheosis LE

Players

Nickos

  • Race: Terran Terran
  • League: Gold

coward - Winner!

  • Race: Zerg Zerg
  • League: Gold

VOD

Have the link to the VOD?

Description

Time

  • Played on: Sept. 15, 2016, 8:52 a.m.
  • Length: 4:08
Show
View Real Time Build Order
Export as new Build Order

Nickos Terran 

Build Orders: Reaper Expand 

Get SALT Encoding   

  12  0:00  SCV  
  13  0:13  SCV  
  14  0:17  Supply Depot  
  14  0:25  SCV  
  15  0:39  SCV  
  15  0:41  Barracks  
  16  0:44  Refinery  
  16  0:51  SCV  
  17  1:03  SCV  
  18  1:15  SCV  
  19  1:28  Reaper  
  19  1:32  Orbital Command  
  20  1:46  Command Center  
  20  1:57  Supply Depot  
  20  2:05  SCV  
  21  2:12  Barracks  
  21  2:13  Marine  
  22  2:18  Refinery  
  22  2:21  SCV  
  23  2:33  SCV  
  24  2:45  SCV  
  25  2:55  Factory  
  25  2:57  Barracks Reactor, SCV  
  26  3:03  Orbital Command  
  26  3:09  SCV  
  26  3:10  Bunker  
  26  3:21  SCV  
  26  3:22  Barracks Tech Lab  
  27  3:34  SCV  
  28  3:38  SCV  
  29  3:42  Factory Reactor  
  29  3:43  Starport  
  29  3:46  SCV  
  25  3:50  Marine  
Show
View Real Time Build Order
Export as new Build Order

coward Zerg - Winner!

Build Orders: Pool First 

Get SALT Encoding   

  12  0:08  Overlord  
  12  0:17  Drone x2  
  14  0:29  Drone, Evolution Chamber  
  14  0:34  Drone  
  15  0:42  Drone, Extractor  
  15  0:56  Spawning Pool  
  14  1:00  Drone  
  15  1:05  Drone  
  16  1:13  Drone  
  17  1:24  Drone  
  18  1:35  Drone  
  19  1:43  Queen  
  19  1:46  Metabolic Boost  
  21  1:50  Zergling x2  
  22  2:00  Overlord  
  22  2:11  Hatchery  
  22  2:15  Zergling x2  
  22  2:26  Zergling x2  
  23  2:32  Zergling x2  
  24  2:43  Queen  
  25  2:52  Zergling x10  
  30  3:22  Queen  
Tags
 
Add a new tag
Caveats
  • Supply blocks, unpowered buildings, or Contaminate may cause inaccurate times.
  • Supply counts are checked every 10 seconds.